cohdb
Replays
Latest Replays
All Replays
Popular Replays
Top Player Replays
Match Explorer
How It Works
Community
CoH3 Stats
Reddit
Sign in to upload your games and track your stats! →
Sign in with Steam
Match 20510825
Unlisted
Match 20510825
Overview
Messages
Build Orders
End
Panzergrenadier Squad
Panzergrenadier Squad
250 Light Carrier
Construct Light Support Kompanie
Combat Half-tracks
Fire Support Elements
Selects Armored Support Battlegroup
Panzerjäger Squad
Selects Salvage Kits
Tungsten Core Ammunition
Selects Superior Fire Drills
Panzerjäger Mechanized Group
Construct Panzerarmee Kommand
le.IG 18 Support Gun Team
Panzer III L Medium Tank
le.IG 18 Support Gun Team
Selects Flammpanzer III Medium Tank Sd.Kfz. 141
Vehicle Survival Package
Panzer III L Medium Tank
Panzerjäger Mechanized Group
Selects Battlefield Salvage
Panzer III L Medium Tank
Panzerjäger Squad
Selects Panzer Storm
Advanced Optics
Veteran Squad Leaders
Panzer III L Medium Tank
Selects Stuka Dive Bomb
Pak 38 Anti-tank Gun Team
Battlefield Salvage
Pak 38 Anti-tank Gun Team
Panzerjäger Mechanized Group
Stuka Dive Bomb
Panzer III L Medium Tank
Rorchach
MaximusTheAverage
SneaKerz
gb_gbg
0
0
Comments
sign in to comment!
No comments posted yet!